 Dungeon Crawl Stone Soup version 0.25-a0-161-gb7fd73da8f (webtiles) character file.

Game seed: 14604355201188077346, levelgen mode: deterministic

1051 Leeroy the Carver (level 8, 0/70 HPs)
             Began as a Black Draconian Skald on Nov 21, 2019.
             Was an Initiate of Okawaru.
             Slain by a howler monkey (3 damage)
             ... on level 6 of the Dungeon.
             The game lasted 00:11:40 (4815 turns).

Leeroy the Carver (Black Draconian Skald)           Turns: 4815, Time: 00:11:40

Health: 0/70       AC:  6    Str: 15    XL:     8   Next: 5%
Magic:  11/11      EV: 12    Int: 15    God:    Okawaru [......]
Gold:   178        SH:  0    Dex: 10    Spells: 1/11 levels left

rFire    . . .     SeeInvis .   s - +0 long sword
rCold    . . .     Gourm    .   (no shield)
rNeg     . . .     Faith    .   (armour unavailable)
rPois    .         Spirit   .   (helmet restricted)
rElec    +         Reflect  .   (no cloak)
rCorr    .         Harm     .   (no gloves)
MR       .....                  (no boots)
Stlth    +.........             (no amulet)
HPRegen  0.21/turn              (no ring)
MPRegen  0.12/turn              (no ring)

@: short of breath
A: breathe lightning, unfitting armour, electricity resistance, cold-blooded, AC
+6
a: Breathe Lightning, Renounce Religion


You were on level 6 of the Dungeon.
You worshipped Okawaru.
Okawaru was noncommittal.
You were not hungry.

You visited 2 branches of the dungeon, and saw 7 of its levels.

You collected 268 gold pieces.
You spent 90 gold pieces at shops.

Inventory:

Hand Weapons
 a - a +0 falchion
 n - a +0 rapier
 s - a +0 long sword (weapon)
Missiles
 r - a silver boomerang (quivered)
Jewellery
 p - a +3 ring of strength {unknown}
Wands
 u - a wand of flame (19)
 y - a wand of paralysis (4)
 z - a wand of enslavement (3)
Scrolls
 b - 3 scrolls of immolation {unknown}
 d - 2 scrolls of remove curse {unknown}
 e - 5 scrolls of identify {unknown}
 f - 8 scrolls of teleportation {unknown}
 l - a scroll of amnesia {unknown}
 q - 2 scrolls of blinking {unknown}
 v - a scroll of fog {unknown}
Potions
 g - a potion of resistance {unknown}
 h - a potion of mutation {unknown}
 i - 4 potions of curing
 j - a potion of heal wounds
 k - a potion of magic {unknown}
 m - a potion of degeneration {unknown}
 o - a potion of lignification {unknown}
 t - 2 potions of brilliance {unknown}
 w - a potion of agility {unknown}
Comestibles
 c - 4 rations
 x - 3 chunks of flesh


   Skills:
 + Level 6.2 Fighting
 - Level 8.0 Long Blades
 - Level 2.1 Dodging
 - Level 2.0 Spellcasting
 - Level 2.6 Charms


You had one spell level left.
You knew the following spells:

 Your Spells              Type           Power        Failure   Level  Hunger
a - Infusion              Chrm           #...         8%          1    #......
b - Spectral Weapon       Hex/Chrm       #.......     36%         3    ###....
c - Shroud of Golubria    Chrm/Tloc      #.....       19%         2    ###....
d - Summon Small Mammal   Summ           #...         22%         1    #......
e - Regeneration          Chrm/Necr      #.........   36%         3    ###....

Your spell library contained the following spells:

 Spells                   Type           Power        Failure   Level  Hunger
 Animate Skeleton         Necr           N/A          22%         1    #......
 Apportation              Tloc           #.....       22%         1    #......
 Confusing Touch          Hex            #.....       22%         1    #......
 Song of Slaying          Chrm           #.......     11%         2    ###....


Dungeon Overview and Level Annotations

Branches:
Dungeon (6/15)             Temple (1/1) D:5

Altars:
Ashenzari
Dithmenos
Elyvilon
Fedhas
Gozag
Hepliaklqana
Kikubaaqudgha
Makhleb
Nemelex Xobeh
Okawaru
Qazlal
Ru
Trog
Vehumet
Xom
Yredelemnul
Zin
The Shining One

Annotations:
D:4 Blork the orc, Eustachio


Innate Abilities, Weirdness & Mutations

You can breathe wild blasts of lightning.
Your glossy black scales are hard. (AC +6)
You cannot fit into any form of body armour.
You are resistant to electric shocks. (rElec)
You are cold-blooded and may be slowed by cold attacks.


Message History

* * * LOW HITPOINT WARNING * * *
The phantom blinks!
The bullfrog hits you but does no damage.
The howler monkey hits you!
* * * LOW HITPOINT WARNING * * *
You breathe a wild blast of lightning!
The zap misses the bullfrog.
You hear a mighty clap of thunder!
The bolt of lightning hits the bullfrog!
The bullfrog is moderately wounded.
The orb of electricity explodes!
The orb of electricity engulfs you. You resist.
* * * LOW HITPOINT WARNING * * *
You feel somewhat more hungry.
You hear an angry hiss.
The bullfrog hits you.
* * * LOW HITPOINT WARNING * * *
The howler monkey hits you.
* * * LOW HITPOINT WARNING * * *
The bullfrog closely misses you. The howler monkey hits you.
You die...

.......#..?............_
.......##...#......####
............#......#
.....z.... #...[)..#
....#z...###...#<..#
#.......W#.....#)..#
#...†.........##
###§Fh.....##.#
#...@....## ##
#..........#
#.....#.....#
##..####...## #### #####


You could see a phantom, a bullfrog, a howler monkey and 2 wights.

Vanquished Creatures
  Menkaure (D:5)
  2 ogres (D:5)
  A bullfrog (D:3)
  2 scorpions
  3 hounds
  2 gnoll shamans (D:4)
  Ijyb (D:5)
  Terence (D:3)
  4 orc wizards
  2 worker ants
  A howler monkey skeleton (D:4)
  8 gnolls
  4 adders
  2 oozes (D:3)
  3 worms
  3 dart slugs (D:1)
  2 leopard geckos
  9 orcs
  6 giant cockroaches
  2 gnoll zombies (D:3)
  11 goblins
  7 hobgoblins
  10 jackals
  2 quokkas (D:4)
  6 bats
  4 frilled lizards
  8 kobolds
  2 quokka skeletons (D:5)
  11 rats
120 creatures vanquished.

Notes
Turn   | Place    | Note
-------+----------+-------------------------------------------
     0 | D:1      | Leeroy the Draconian Skald began the quest for the Orb.
     0 | D:1      | Reached XP level 1. HP: 17/17 MP: 3/3
    81 | D:1      | Reached XP level 2. HP: 15/24 MP: 5/5
   186 | D:1      | Reached skill level 3 in Long Blades
   479 | D:1      | Reached XP level 3. HP: 14/29 MP: 6/6
   484 | D:1      | Learned a level 3 spell: Spectral Weapon
   487 | D:1      | Learned a level 2 spell: Shroud of Golubria
   789 | D:2      | Reached skill level 4 in Long Blades
   802 | D:2      | Found a hazy altar of Hepliaklqana.
  1152 | D:3      | Reached XP level 4. HP: 27/36 MP: 7/7
  1233 | D:3      | Found a shattered altar of Ashenzari.
  1639 | D:3      | Noticed Terence
  1645 | D:3      | Killed Terence
  1650 | D:3      | Reached skill level 5 in Long Blades
  1786 | D:3      | Found a basalt altar of Yredelemnul.
  1906 | D:4      | Reached XP level 5. HP: 32/41 MP: 8/8
  2044 | D:3      | Reached skill level 6 in Long Blades
  2279 | D:4      | Reached XP level 6. HP: 39/48 MP: 3/9
  2835 | D:4      | Reached skill level 7 in Long Blades
  3144 | D:3      | Learned a level 1 spell: Summon Small Mammal
  3227 | D:4      | Noticed Eustachio
  3252 | D:5      | Entered Level 5 of the Dungeon
  3350 | D:5      | Your scales start taking on a glossy black colour.
  3350 | D:5      | Reached XP level 7. HP: 16/55 MP: 1/10
  3350 | D:5      | Gained mutation: You are resistant to electric shocks.
                  | (rElec) [Black Draconian growth]
  3686 | D:4      | Reached skill level 8 in Long Blades
  3689 | D:4      | Found a radiant altar of Vehumet.
  3781 | D:4      | Noticed Blork the orc
  3927 | D:4      | Learned a level 3 spell: Regeneration
  4045 | D:5      | Found a shimmering altar of Xom.
  4067 | D:5      | Found a bloodstained altar of Trog.
  4370 | D:5      | Noticed Menkaure
  4379 | D:5      | Killed Menkaure
  4379 | D:5      | Reached skill level 5 in Fighting
  4433 | D:5      | Noticed Ijyb
  4433 | D:5      | Paralysed by Ijyb for 7 turns
  4454 | D:5      | Killed Ijyb
  4463 | D:5      | Found a glowing silver altar of Zin.
  4464 | D:5      | Found Zin's Purification Station.
  4469 | D:5      | Bought a potion of curing for 90 gold pieces
  4499 | D:5      | Found a staircase to the Ecumenical Temple.
  4511 | Temple   | Entered the Ecumenical Temple
  4665 | Temple   | Became a worshipper of Warmaster Okawaru
  4738 | D:5      | Found an opulent altar of Gozag.
  4787 | D:6      | Reached XP level 8. HP: 41/70 MP: 11/11
  4788 | D:6      | Found a stormy altar of Qazlal.
  4815 | D:6      | HP: 3/70 [howler monkey (1)]
  4815 | D:6      | Slain by a howler monkey

Levels and vault maps discovered:
D:1:      tarquinn_simple_flora_water_f, layout_basic
D:2:      layout_rooms, lemuel_crystal_altar
D:3:      layout_rooms, ashenzari_altar_1, lemuel_zombie_altar_yredelemnul,
          uniq_terence
D:4:      layout_rooms, cheibriados_altar_1, nicolae_overflow_hidden_temple,
          nrook_uturn, kennysheep_small_circle, uniq_blork_the_orc,
          uniq_eustachio
D:5:      layout_loops_ring, zin_purify, lightli_temple_of_fire,
          nicolae_gozag_cash_rules_everything_around_me, temple_fountains,
          basic_altar, first_ration, uniq_menkaure, uniq_ijyb
D:6:      layout_cave_pools, kennysheep_mini, nicolae_qazlal_eye_of_the_storm,
          elyvilon_altar_5
Temple:   compressed_dpeg_circular_temple

Skill      XL: |  1  2  3  4  5  6  7 |
---------------+----------------------+-----
Long Blades    | 3 4 5 6 7 8 |  8.0
Fighting       | 6 |  6.2
Dodging        | |  2.1
Spellcasting   | |  2.0
Charms         | |  2.6

Action                   |  1- 3 |  4- 6 |  7- 9 || total
-------------------------+-------+-------+-------++-------
Melee: Falchion          |   101 |       |       ||   101
       Tailslap          |    17 |    15 |    12 ||    44
       Rapier            |    45 |    54 |       ||    99
       Long sword        |       |   111 |    88 ||   199
 Cast: Shroud of Golubri |       |     7 |     1 ||     8
       Spectral Weapon   |       |     4 |     4 ||     8
       Infusion          |       |     1 |       ||     1
       Summon Small Mamm |       |     1 |     1 ||     2
 Abil: Breathe Lightning |       |       |     4 ||     4
  Use: Potion            |       |     1 |       ||     1
 Stab: Sleeping          |     1 |       |       ||     1
  Eat: Chunk             |     1 |     9 |     3 ||    13
       Ration            |       |       |     1 ||     1
Armor: Skin              |    49 |    60 |    30 ||   139
Dodge: Dodged            |    99 |   138 |    52 ||   289
       Rpst.: Falchion   |    20 |       |       ||    20
       Long sword        |       |    24 |    12 ||    36

Table legend:
 A = Non-vault XP
 B = Vault XP
 C = Vault XP percentage of total XP
 D = Non-vault monster count
 E = Vault monster count
 F = Vault count percentage of total count
                 A         B        C        D         E       F
            +---------+---------+-------+---------+---------+-------
      Total |    1252 |     250 |  16.6 |     114 |       6 |   5.0
            +---------+---------+-------+---------+---------+-------
        D:1 |      42 |       0 |   0.0 |      24 |       0 |   0.0
        D:2 |      34 |       0 |   0.0 |      14 |       0 |   0.0
        D:3 |     197 |      40 |  16.9 |      29 |       3 |   9.4
        D:4 |     339 |       2 |   0.6 |      21 |       1 |   4.5
        D:5 |     471 |     208 |  30.6 |      17 |       2 |  10.5
        D:6 |     169 |       0 |   0.0 |       9 |       0 |   0.0
            +---------+---------+-------+---------+---------+-------
